 Dungeon Crawl Stone Soup version 0.20.1-1-g8b1a95d (webtiles) character file.

348699 InspectorIrate the Impaler (level 23, -6/185 HPs)
             Began as a Formicid Gladiator on Sept 13, 2017.
             Was the Champion of Okawaru.
             Killed from afar by an Executioner (14 damage)
             ... with an exploding inner flame
             ... hexed by the player character
             ... on level 5 of the Abyss.
             The game lasted 03:49:49 (50025 turns).

InspectorIrate the Impaler (Formicid Gladiator)    Turns: 50025, Time: 03:49:50

Health: -6/185     AC: 27    Str: 32    XL:     23   Next: 18%
Magic:  27/27      EV: 18    Int: 10    God:    Okawaru [******]
Gold:   767        SH: 24    Dex: 20    Spells: 22/22 levels left

rFire    + . .     SeeInvis +   d - +9 demon trident of Abbelin {pierce, *Contam +Fly rC- Str+5}
rCold    x . .     Gourm    .   q - +3 shield {reflect}
rNeg     . . .     Faith    .   y - +6 chain mail "Deorump" {+Blink rElec rCorr Str-2}
rPois    .         Spirit   .   (helmet unavailable)
rElec    +         Reflect  +   B - scarf {repulsion}
rCorr    +         Harm     .   p - +1 pair of gloves {Dex+3}
MR       ++...     Clarity  +   (no boots)
Stlth    ..........             E - amulet of regeneration
Regen    0.0/turn               W - +4 ring of protection
MPRegen  0.2/turn               b - ring of protection from fire

@: mighty, repel missiles
A: permanent stasis, dig shafts and tunnels, four strong arms, antennae 3, icy
blue scales 1, large bone plates 1, clarity, inhibited regeneration, strong 1,
subdued magic 1, MP-powered wands
}: 2/15 runes: serpentine, barnacled
a: Dig, Shaft Self, Heroism, Finesse, Renounce Religion, Evoke Flight


You were on level 5 of the Abyss.
You worshipped Okawaru.
Okawaru was exalted by your worship.
You were not hungry.

You visited 9 branches of the dungeon, and saw 39 of its levels.
You visited the Abyss 1 time.
You visited 1 bazaar.

You collected 3298 gold pieces.
You spent 2531 gold pieces at shops.

Inventory:

Hand Weapons
 d - the +9 demon trident of Abbelin (weapon) {pierce, *Contam +Fly rC- Str+5}
   (You bought it in a shop on level 2 of the Orcish Mines)

   It inflicts extra damage upon your enemies.
   It affects your strength (+5).
   It makes you vulnerable to cold.
   It lets you fly.
   It causes magical contamination when unequipped.
 f - a +5 demon trident of flaming
 S - a +0 bardiche of venom
 T - a +8 demon trident of freezing
Missiles
 v - 4 javelins of returning (quivered)
 w - 33 silver javelins
 F - 6 exploding tomahawks
 Q - 61 javelins
 Z - 4 steel javelins
Armour
 p - a +1 pair of gloves of dexterity (worn)
 q - a +3 shield of reflection (worn)
 y - the +6 chain mail "Deorump" (worn) {+Blink rElec rCorr Str-2}
   (You found it on level 4 of the Lair of Beasts)

   It affects your strength (-2).
   It insulates you from electricity.
   It lets you blink.
   It protects you from acid and corrosion.
 B - a scarf of repulsion (worn)
 I - a +2 scale mail of poison resistance
 J - the +0 plate armour "Foikli Ecai" {rC+ rN+ Regen+}
   (You bought it in a shop on level 1 of the Vaults)

   It protects you from cold.
   It protects you from negative energy.
   It increases your rate of regeneration.
 M - the +0 pair of gloves "Nihuyrch" {rPois rF- MP+9 Str+5}
   (Okawaru gifted it to you on level 4 of the Snake Pit)

   It affects your strength (+5).
   It makes you vulnerable to fire.
   It protects you from poison.
   It affects your magic capacity (+9).
 O - +0 fire dragon scales
 U - a +1 buckler of positive energy
Jewellery
 b - a ring of protection from fire (right hand)
 e - an uncursed ring of protection from cold
 s - an uncursed ring of poison resistance
 E - an amulet of regeneration (around neck)
 G - a +5 ring of strength
 K - a +3 amulet of reflection
 L - a +4 ring of dexterity
 W - a +4 ring of protection (left hand)
 Y - the ring of Virhetra {Ice +Blink Stlth+}
   (You took it off a merfolk on level 4 of the Shoals)

   [ring of ice]

   It enhances your ice magic.
   It makes you vulnerable to fire.
   It protects you from cold.
   It lets you blink.
   It makes you more stealthy.
Wands
 n - a wand of paralysis (9/24)
 A - a wand of paralysis (16/24)
Scrolls
 h - 4 scrolls of fog
 j - 5 scrolls of identify
 k - 7 scrolls of enchant weapon
 m - 15 scrolls of remove curse
 r - 5 scrolls of fear
 t - a scroll of silence
 u - 4 scrolls of immolation
 z - 9 scrolls of magic mapping
 C - 9 scrolls of recharging
 H - 2 scrolls of brand weapon
Potions
 a - 5 potions of might
 g - 4 potions of agility
 i - 16 potions of curing
 l - 8 potions of flight
 o - 5 potions of lignification
 x - 3 potions of mutation
 D - 3 potions of ambrosia
 X - 4 potions of cancellation
Comestibles
 N - 12 bread rations
 P - 53 fruits
 R - 5 royal jellies


   Skills:
 + Level 16.5 Fighting
 * Level 20.9 Polearms
 + Level 14.1 Throwing
 + Level 13.5 Armour
 * Level 11.9 Dodging
 + Level 18.0 Shields
 + Level 6.5 Invocations
 - Level 4.0 Evocations


You had 22 spell levels left.
You didn't know any spells.

Dungeon Overview and Level Annotations

Branches:
Dungeon (15/15)            Temple (1/1) D:6            Lair (6/6) D:9
 Shoals (4/4) Lair:4        Snake (4/4) Lair:3        Slime (0/5) Lair:5
    Orc (2/2) D:11            Elf (2/3) Orc:2        Vaults (4/5) D:13
  Crypt (0/3) Vaults:2     Depths (1/5) D:15

Altars:
Ashenzari
Cheibriados
Dithmenos
Elyvilon
Fedhas
Gozag
Hepliaklqana
Kikubaaqudgha
Makhleb
Nemelex Xobeh
Okawaru
Qazlal
Ru
Sif Muna
Trog
Uskayaw
Vehumet
Xom
Yredelemnul
Zin
The Shining One
Beogh

Shops:
D:4 !   D:11 *   Orc:2 ([*:(   Elf:1 [   Elf:2 [   Shoals:3 (   Snake:3 *%%!:
Snake:4 *   Vaults:1 [:}   Vaults:3 (

Annotations:
Lair:5 exclusion: 4 oklob plants


Innate Abilities, Weirdness & Mutations

You cannot be hasted, slowed, berserked, paralysed or teleported.
You can dig through walls and to a lower floor.
Your four strong arms can wield two-handed weapons with a shield.
You have a pair of large antennae on your head. (SInv)
You are partially covered in icy blue scales. (AC +2)
You are partially covered in large bone plates. (SH +4)
You possess an exceptional clarity of mind.
You do not regenerate when monsters are visible.
Your muscles are strong. (Str +2)
Your spells are a little easier to cast, but a little less powerful.
You expend magic power (3 MP) to strengthen your wands.


Message History

The creatures around you are filled with an inner flame!
The sixfirhy completely misses you. You block the Executioner's attack. x2
The Executioner closely misses you.
The Executioner hits you but does no damage.
The Executioner misses you. You block the Executioner's attack.
The Executioner hits you.
* * * LOW HITPOINT WARNING * * *
The Executioner hits you but does no damage. x2
You impale the Executioner!!
The Executioner is severely wounded.
The Executioner hits you but does no damage.
You block the Executioner's attack. x2; The Executioner misses you.
The Executioner hits you but does no damage.
You block the Executioner's attack.
You impale the Executioner!!
The Executioner explodes!
The fiery explosion engulfs the sixfirhy.
The sixfirhy is almost dead.
The fiery explosion engulfs you! You resist.
You die...

### ##.# #..#
#..# { #..# {
##..## ##....#
#..ยง@.# ...#
####.3# ....
#XW# .#. . #.X#
.#..#
####..######
...
..{.X..........
... ...
.W........#
#/....
........... ..
#..
........#.#####
#


You could see 2 large abominations, a freezing wraith (inner flame) and a
sixfirhy (inner flame).

Vanquished Creatures
  Frederick (Vaults:4)
  Vashnia (Snake:2)
  Saint Roka (Vaults:4)
  Margery (Vaults:3)
  Jorgrun (Snake:2)
  Asterion (Vaults:2)
  A deep elf blademaster (Elf:2)
  A kraken (Shoals:1)
  A thorn hunter (Abyss:4)
  Kirke (D:15)
  A storm dragon (D:14)
  Ilsuiw (Shoals:4)
  The ghost of nonceun the Severer, a journeyman MiBe of Trog (Shoals:3)
  2 fire giants
  The ghost of SteelSafe the Severer, a journeyman MiBe of Trog (Snake:1)
  10 nagarajas
  A frost giant (Vaults:4)
  2 orc warlords (Orc:1)
  4 vault wardens
  A deep elf elementalist (Elf:2)
  A ghoul (Vaults:2)
  8 ironheart preservers
  An entropy weaver (Vaults:1)
  3 stone giants
  15 slime creatures
  A deep elf annihilator (Elf:1)
  A fire dragon (Vaults:2)
  A great orb of eyes (Vaults:3)
  10 merfolk impalers
  2 ettins (Vaults:4)
  6 merfolk javelineers
  6 yaktaur captains
  A jiangshi (Vaults:2)
  10 hydras
  4 rakshasas
  Erolcha (D:9)
  13 naga warriors
  2 vault guards (D:13)
  An alligator snapping turtle (Shoals:2)
  3 satyrs
  4 centaur warriors
  5 anacondas
  A catoblepas (Lair:3)
  The ghost of SteelSafe the Cleaver, a novice MiBe of Trog (D:8)
  An anaconda (shapeshifter) (Vaults:2)
  3 merfolk aquamancers (Shoals:4)
  20 dancing weapons
  A deep troll shaman (Vaults:4)
  17 two-headed ogres
  6 death yaks
  3 deep troll earth magi
  15 naga sharpshooters
  5 ogre magi
  6 shock serpents
  Urug (Lair:5)
  An orc high priest (Orc:2)
  17 deep elf knights
  4 hell knights
  A skeletal warrior (Vaults:2)
  3 salamander mystics
  3 unseen horrors (Vaults:1)
  2 flayed ghosts
  9 sea snakes
  3 wizards
  12 deep trolls
  A death drake (shapeshifter) (D:15)
  7 deep elf archers
  6 naga ritualists
  A kraken simulacrum (Shoals:4)
  A shambling mangrove (Abyss:4)
  13 harpies
  13 ironbrand convokers
  4 necromancers
  14 orc knights
  4 mana vipers
  47 deep elf magi
  5 cyclopes
  2 oklob plants (D:9)
  10 orc sorcerers
  6 salamanders
  3 worldbinders (Abyss:4)
  24 ugly things
  6 wolf spiders
  15 fauns
  10 manticores
  6 elephants
  6 water nymphs
  A guardian serpent (shapeshifter) (Elf:1)
  10 merfolk sirens
  3 vault sentinels
  Joseph (Lair:1)
  4 guardian serpents
  24 black mambas
  23 naga magi
  2 gargoyles
  24 spiny frogs
  4 rime drakes
  5 centaur skeletons
  11 komodo dragons
  22 yaktaurs
  A yaktaur (shapeshifter) (Vaults:1)
  An efreet (D:14)
  5 freezing wraiths
  A tengu conjurer (Depths:1)
  The ghost of mole0619 the Ducker, a novice KoAM of Ashenzari (D:5)
  A polar bear (shapeshifter) (Vaults:1)
  Grinder (D:6)
  5 wind drakes
  A meliai (shapeshifter) (Vaults:3)
  5 tyrant leeches (Lair:6)
  3 meliai (D:14)
  19 merfolk
  The ghost of InspectorIrate the Slasher, an amateur FoFi (D:3)
  2 hornets
  10 trolls
  2 polar bears
  A wind drake (shapeshifter) (Vaults:3)
  47 blink frogs
  A blink frog (shapeshifter) (Vaults:4)
  8 dream sheep (Shoals:4)
  A fire giant simulacrum (Vaults:1)
  7 snapping turtles
  18 hippogriffs
  A meliai zombie (D:12)
  2 air elementals
  3 wraiths
  3 yaks (shapeshifter)
  2 vampires
  A redback (Vaults:1)
  A spriggan (shapeshifter) (Elf:1)
  A tarantella (Vaults:1)
  5 wyverns
  2 fire elementals
  3 fire bats (Lair:5)
  8 water elementals
  18 yaks
  3 hogs (D:15)
  A hungry ghost (D:15)
  2 basilisks
  22 humans (D:13)
  8 vampire mosquitoes
  2 nagas (shapeshifter) (Vaults:3)
  A deep troll zombie (Vaults:3)
  44 nagas
  9 wargs
  An acid dragon (D:13)
  10 porcupines
  11 water moccasins
  A deep troll skeleton (Vaults:3)
  Duvessa (D:6)
  A meliai simulacrum (D:14)
  35 orc warriors
  6 black bears
  An ice beast (D:15)
  A black bear (shapeshifter) (D:15)
  7 sky beasts
  2 necrophages
  38 ogres
  4 phantoms
  3 eyes of draining
  11 centaurs
  15 crocodiles
  2 human zombies (Vaults:3)
  A big kobold (D:9)
  An earth elemental (Elf:1)
  36 bullfrogs
  A small abomination (Abyss:4)
  A wyvern skeleton (D:12)
  A water moccasin skeleton (D:5)
  6 killer bees
  4 scorpions
  28 wights
  2 electric eels
  6 crimson imps
  5 centaur zombies
  4 howler monkeys
  A bullfrog zombie (D:13)
  8 jellies
  A quasit (D:11)
  7 bullfrog skeletons
  9 orc priests
  7 hounds
  28 orc wizards
  5 iguanas
  14 worker ants
  A hound zombie (D:7)
  A howler monkey zombie (D:7)
  A worker ant zombie (D:11)
  12 adders
  2 shadow imps
  8 oozes
  An adder skeleton (D:9)
  An adder zombie (D:9)
  8 worms
  A dart slug (D:2)
  4 leopard geckos
  71 orcs
  12 giant cockroaches
  11 goblins
  3 hobgoblins
  10 jackals
  2 quokkas
  2 ball pythons
  10 bats
  2 frilled lizards
  A giant cockroach zombie (D:6)
  20 kobolds
  A quokka skeleton (D:4)
  12 rats
  2 fungi (Lair:2)
  6 plants
  4 tentacles (Shoals:1)
1425 creatures vanquished.

Vanquished Creatures (others)
  Nikola (Snake:2)
  A yaktaur captain (Vaults:1)
  An ogre mage (Vaults:3)
  2 centaur warriors
  A satyr (Shoals:4)
  2 naga sharpshooters
  A deep elf archer (Elf:2)
  2 fauns
  A naga mage (Snake:4)
  9 yaktaurs
  A merfolk (Shoals:4)
  A hornet (Abyss:4)
  2 humans (D:15)
  4 centaurs
  12 fungi
  47 plants
  12 tentacles
  7 toadstools (D:4)
107 creatures vanquished.

Grand Total: 1532 creatures vanquished

Notes
Turn   | Place    | Note
-------+----------+-------------------------------------------
     0 | D:1      | InspectorIrate the Formicid Gladiator began the quest for the Orb.
     0 | D:1      | Reached XP level 1. HP: 16/16 MP: 1/1
     2 | D:1      | Noticed a draconian
     2 | D:1      | Noticed a merfolk
     4 | D:1      | Noticed an elf
     4 | D:1      | Noticed a tengu
     6 | D:1      | Noticed a naga
     8 | D:1      | Noticed a demonspawn
    12 | D:1      | Noticed a human
    12 | D:1      | Noticed a felid
    14 | D:1      | Noticed a ghoul
    14 | D:1      | Noticed an octopode
    16 | D:1      | Noticed a vine stalker
    16 | D:1      | Noticed a formicid
    18 | D:1      | Noticed a halfling
    20 | D:1      | Noticed a troll
    20 | D:1      | Noticed a dwarf
    22 | D:1      | Noticed a vampire
    22 | D:1      | Noticed a spriggan
    24 | D:1      | Noticed a minotaur
    24 | D:1      | Noticed a demigod
    26 | D:1      | Noticed a centaur
    26 | D:1      | Noticed an ogre
    28 | D:1      | Noticed a gargoyle
   248 | D:1      | Reached XP level 2. HP: 15/22 MP: 2/2
   713 | D:1      | Reached XP level 3. HP: 18/27 MP: 3/3
  1522 | D:2      | Reached skill level 1 in Armour
  1733 | D:2      | Reached skill level 4 in Polearms
  1784 | D:2      | Reached XP level 4. HP: 28/34 MP: 4/4
  2644 | D:2      | Found a deep blue altar of Sif Muna.
  2751 | D:3      | Reached XP level 5. HP: 39/39 MP: 5/5
  3319 | D:3      | Noticed InspectorIrate's ghost (amateur FoFi)
  3323 | D:3      | You fall through a shaft for 2 floors!
  3323 | D:5      | Entered Level 5 of the Dungeon
  3331 | D:5      | Noticed mole0619's ghost (novice KoAM)
  3343 | D:5      | You fall through a shaft!
  3535 | D:6      | Noticed a necrophage
  3560 | D:6      | Killed a necrophage
  3560 | D:6      | Reached skill level 5 in Polearms
  3560 | D:6      | Reached XP level 6. HP: 27/44 MP: 6/6
  3760 | D:6      | Found a staircase to the Ecumenical Temple.
  3764 | D:6      | Got a pitted leather armour
  3775 | D:6      | Identified the +2 leather armour "Ezoll" {-Cast Regen+ Slay+5 Stlth+} (You found it on level 6 of the Dungeon)
  3800 | Temple   | Entered the Ecumenical Temple
  4034 | Temple   | Became a worshipper of Warmaster Okawaru
  4253 | D:6      | Noticed a troll
  4264 | D:6      | Killed a troll
  4264 | D:6      | Reached * piety under Okawaru
  4264 | D:6      | Reached skill level 6 in Polearms
  4264 | D:6      | Reached XP level 7. HP: 36/49 MP: 7/7
  4607 | D:6      | Noticed a basilisk
  4637 | D:6      | Killed a basilisk
  4637 | D:6      | Reached skill level 7 in Polearms
  4810 | D:6      | Reached XP level 8. HP: 56/56 MP: 8/8
  5630 | D:3      | Killed InspectorIrate's ghost
  5630 | D:3      | Reached ** piety under Okawaru
  5630 | D:3      | Reached skill level 8 in Polearms
  6058 | D:4      | Reached skill level 9 in Polearms
  6362 | D:4      | Found a sparkling altar of Nemelex Xobeh.
  6432 | D:4      | Found Fyud's Distillery.
  6441 | D:4      | Bought a potion of curing for 42 gold pieces
  6441 | D:4      | Bought a potion of heal wounds for 70 gold pieces
  6441 | D:4      | Bought a potion of might for 56 gold pieces
  6484 | D:4      | Gained mutation: Your body sometimes deteriorates upon taking damage. [potion of mutation]
  6484 | D:4      | Lost mutation: Your body sometimes deteriorates upon taking damage. [potion of mutation]
  6484 | D:4      | Gained mutation: Your spells are a little easier to cast, but a little less powerful. [potion of mutation]
  6484 | D:4      | Gained mutation: Your mind is acute. (Int +2) [potion of mutation]
  6485 | D:4      | Lost mutation: Your mind is acute. (Int +2) [potion of mutation]
  6485 | D:4      | Lost mutation: Your spells are a little easier to cast, but a little less powerful. [potion of mutation]
  6485 | D:4      | Gained mutation: You are partially covered in icy blue scales. (AC +2) [potion of mutation]
  6485 | D:4      | Gained mutation: Your skin changes colour to match your surroundings (Stealth+). [potion of mutation]
  6485 | D:4      | Gained mutation: You are partially covered in large bone plates. (SH +4) [potion of mutation]
  6585 | D:4      | Reached XP level 9. HP: 59/63 MP: 9/9
  6956 | D:5      | Killed mole0619's ghost
  6956 | D:5      | Reached *** piety under Okawaru
  7003 | D:5      | Reached skill level 10 in Polearms
  7346 | D:6      | Noticed Duvessa
  7353 | D:6      | Noticed Grinder
  7406 | D:6      | Killed Duvessa
  7422 | D:6      | Killed Grinder
  7509 | D:6      | Reached skill level 5 in Fighting
  7631 | D:6      | Reached skill level 11 in Polearms
  7634 | D:6      | Reached **** piety under Okawaru
  7634 | D:6      | Reached XP level 10. HP: 69/72 MP: 10/10
  9120 | D:8      | Reached skill level 12 in Polearms
  9409 | D:8      | Found a bloodstained altar of Trog.
  9581 | D:8      | Noticed SteelSafe's ghost (novice MiBe)
  9747 | D:9      | Found a blossoming altar of Fedhas.
  9750 | D:9      | Noticed an oklob plant
  9750 | D:9      | Noticed an oklob plant
  9801 | D:9      | Noticed Erolcha
  9828 | D:9      | Killed Erolcha
  9828 | D:9      | Reached ***** piety under Okawaru
  9982 | D:9      | Reached skill level 5 in Throwing
  9982 | D:9      | Reached XP level 11. HP: 75/79 MP: 11/11
  9996 | D:9      | Found a shadowy altar of Dithmenos.
 10119 | D:9      | Noticed a two-headed ogre
 10139 | D:9      | Killed a two-headed ogre
 10139 | D:9      | Reached skill level 13 in Polearms
 10182 | D:9      | Found a staircase to the Lair.
 10345 | D:9      | Received a gift from Okawaru
 10485 | D:9      | Reached skill level 1 in Shields
 10492 | D:9      | Found a snail-covered altar of Cheibriados.
 10661 | D:9      | Found a basalt altar of Yredelemnul.
 10666 | D:9      | Found a burning altar of Makhleb.
 10669 | D:9      | Found a hide-covered altar of Uskayaw.
 10671 | D:9      | Found a sparkling altar of Nemelex Xobeh.
 10673 | D:9      | Found a white marble altar of Elyvilon.
 11062 | D:9      | Killed an oklob plant
 11068 | D:9      | Killed an oklob plant
 11230 | Lair:1   | Entered Level 1 of the Lair of Beasts
 12047 | Lair:1   | Noticed Joseph
 12067 | Lair:1   | Killed Joseph
 12067 | Lair:1   | Reached skill level 14 in Polearms
 12067 | Lair:1   | Reached skill level 5 in Armour
 12067 | Lair:1   | Reached XP level 12. HP: 73/89 MP: 12/12
 12103 | Lair:1   | Reached skill level 5 in Shields
 12579 | Lair:2   | Noticed a six-headed hydra
 12606 | Lair:1   | Reached skill level 5 in Dodging
 12774 | Lair:1   | Killed a three-headed hydra
 12774 | Lair:1   | Reached ****** piety under Okawaru
 13114 | Lair:2   | Received a gift from Okawaru
 13991 | Lair:2   | Reached XP level 13. HP: 84/99 MP: 13/13
 14413 | Lair:3   | Found a staircase to the Snake Pit.
 14727 | Lair:3   | Noticed an eight-headed hydra
 14737 | Lair:3   | Killed a five-headed hydra
 14889 | Lair:3   | Reached skill level 15 in Polearms
 15245 | Lair:4   | Noticed a catoblepas
 15534 | Lair:3   | Killed a catoblepas
 15762 | Lair:4   | Received a gift from Okawaru
 15878 | Lair:4   | Found a staircase to the Shoals.
 15926 | Lair:4   | Noticed an eight-headed hydra
 15937 | Lair:4   | Killed a five-headed hydra
 16052 | Lair:4   | Got an ichor-stained chain mail
 16070 | Lair:4   | Identified the +6 chain mail "Deorump" {+Blink rElec rCorr Str-2} (You found it on level 4 of the Lair of Beasts)
 16433 | Lair:5   | Received a gift from Okawaru
 16636 | Lair:5   | Found an opulent altar of Gozag.
 16726 | Lair:5   | Noticed Urug
 16743 | Lair:5   | Killed Urug
 16955 | Lair:5   | Reached XP level 14. HP: 102/108 MP: 14/14
 17585 | Lair:5   | Found a staircase to the Slime Pits.
 17669 | Lair:6   | Entered Level 6 of the Lair of Beasts
 17722 | Lair:6   | Received a gift from Okawaru
 18137 | Lair:5   | Reached skill level 10 in Fighting
 18393 | Lair:6   | Reached skill level 16 in Polearms
 18843 | Lair:6   | Reached skill level 1 in Invocations
 19125 | Lair:6   | Received a gift from Okawaru
 20442 | D:10     | Entered Level 10 of the Dungeon
 20498 | D:8      | Killed SteelSafe's ghost
 20767 | D:8      | Found an opulent altar of Gozag.
 21017 | D:10     | Identified the Collected Works on Heat and Arcane Weapons
 21151 | D:10     | Gained mutation: You expend magic power (3 MP) to strengthen your wands. [mutagenic meat]
 21152 | D:10     | Lost mutation: Your skin changes colour to match your surroundings (Stealth+). [mutagenic meat]
 21153 | D:10     | Gained mutation: Your spells are a little harder to cast, but a little more powerful. [mutagenic meat]
 21154 | D:10     | Gained mutation: Your muscles are strong. (Str +2) [mutagenic meat]
 21179 | D:10     | Reached XP level 15. HP: 116/117 MP: 17/17
 21323 | D:10     | Got a polished rapier
 21324 | D:10     | Identified the +8 rapier "Xuwkue" {pierce, rElec rN+ Str-3} (You found it on level 10 of the Dungeon)
 22061 | D:11     | Found Coesa's Assorted Antiques.
 22370 | D:11     | Gained mutation: You have sharp toenails. [mutagenic meat]
 22371 | D:11     | Gained mutation: You are clumsy. (Dex -2) [mutagenic meat]
 22642 | D:11     | Found a staircase to the Orcish Mines.
 22809 | Orc:1    | Entered Level 1 of the Orcish Mines
 23085 | Orc:2    | Entered Level 2 of the Orcish Mines
 23085 | Orc:2    | Found Aggufez's Weapon Emporium.
 23098 | Orc:1    | Received a gift from Okawaru
 23130 | Orc:2    | Bought the +9 demon trident of Abbelin {pierce, *Contam +Fly rC- Str+5} for 968 gold pieces
 23157 | Orc:2    | Found a staircase to the Elven Halls.
 23209 | Orc:2    | Noticed an orc warlord
 23325 | Orc:1    | Killed an orc warlord
 23409 | Orc:1    | Noticed an orc warlord
 23447 | Orc:1    | Killed an orc warlord
 23652 | Orc:2    | Reached skill level 5 in Invocations
 23751 | Orc:2    | Found a roughly hewn altar of Beogh.
 24070 | Orc:2    | Found Loacki's Antique Weapon Emporium.
 24078 | Orc:2    | Found Safuggeg's Book Emporium.
 24086 | Orc:2    | Found Fakk's Antique Armour Emporium.
 24320 | Orc:2    | Found Nobiug's General Store.
 24958 | D:12     | Found a stormy altar of Qazlal.
 25849 | D:13     | Received a gift from Okawaru
 25851 | D:13     | Got a faintly humming scarf {god gift}
 25874 | D:13     | Identified the scarf of Resourcefulness {Str+4 Slay+2} (Okawaru gifted it to you on level 13 of the Dungeon)
 25931 | D:13     | Reached skill level 17 in Polearms
 25962 | D:13     | Found a gate to the Vaults.
 25974 | D:13     | Reached skill level 10 in Shields
 26284 | D:13     | Gained mutation: You do not regenerate when monsters are visible. [mutagenic meat]
 26290 | D:13     | Lost mutation: Your spells are a little harder to cast, but a little more powerful. [potion of mutation]
 26290 | D:13     | Lost mutation: You have sharp toenails. [potion of mutation]
 26290 | D:13     | Gained mutation: You are very clumsy. (Dex -4) [potion of mutation]
 26290 | D:13     | Gained mutation: You are resistant to hostile enchantments. (MR+) [potion of mutation]
 26291 | D:13     | Lost mutation: You are very clumsy. (Dex -4) [potion of mutation]
 26291 | D:13     | Lost mutation: You are resistant to hostile enchantments. (MR+) [potion of mutation]
 26291 | D:13     | Lost mutation: You are clumsy. (Dex -2) [potion of mutation]
 26291 | D:13     | Gained mutation: Your spells are a little easier to cast, but a little less powerful. [potion of mutation]
 26291 | D:13     | Gained mutation: You possess an exceptional clarity of mind. [potion of mutation]
 26345 | D:13     | Reached XP level 16. HP: 125/125 MP: 20/20
 27013 | D:14     | Reached skill level 10 in Armour
 27013 | D:14     | Reached XP level 17. HP: 131/131 MP: 18/21
 27032 | D:14     | Noticed a storm dragon
 27316 | D:14     | Killed a storm dragon
 27535 | D:15     | Entered Level 15 of the Dungeon
 28085 | D:15     | Reached skill level 10 in Throwing
 28339 | D:15     | Received a gift from Okawaru
 28511 | D:15     | Noticed Kirke
 28555 | D:15     | Noticed a sphinx
 28570 | D:15     | Killed Kirke
 28627 | D:15     | Received a gift from Okawaru
 28672 | D:15     | Found an opulent altar of Gozag.
 28826 | D:15     | Found a staircase to the Depths.
 29378 | Snake:1  | Entered Level 1 of the Snake Pit
 29913 | Snake:1  | Noticed SteelSafe's ghost (journeyman MiBe)
 29953 | Snake:1  | Killed SteelSafe's ghost
 30454 | Snake:2  | Noticed Vashnia
 30467 | Snake:2  | Reached XP level 18. HP: 116/140 MP: 22/22
 30491 | Snake:2  | Killed Vashnia
 30718 | Snake:2  | Found a flickering gateway to a bazaar.
 30728 | Bazaar   | Entered a bazaar
 30728 | Bazaar   | Found Pafrapn's Distillery.
 30728 | Bazaar   | Found Ciwediut's General Store.
 30728 | Bazaar   | Found Veyklien's General Store.
 30755 | Bazaar   | Bought a potion of might for 60 gold pieces
 30755 | Bazaar   | Bought a potion of might for 60 gold pieces
 30755 | Bazaar   | Bought a potion of curing for 45 gold pieces
 30755 | Bazaar   | Bought a potion of curing for 45 gold pieces
 30755 | Bazaar   | Bought a potion of curing for 45 gold pieces
 30767 | Snake:2  | Noticed Nikola
 30818 | Snake:2  | Killed Nikola
 30818 | Snake:2  | Reached skill level 18 in Polearms
 30836 | Snake:2  | Noticed Jorgrun
 31045 | Snake:2  | Killed Jorgrun
 31289 | Snake:2  | Received a gift from Okawaru
 31679 | Snake:3  | Found Savemo's Book Emporium.
 32021 | Snake:3  | Reached skill level 10 in Dodging
 32078 | Snake:3  | Found Yluifoh's Distillery.
 32082 | Snake:3  | Found Cauxziy's Food Emporium.
 32082 | Snake:3  | Found Waewir's Food Shoppe.
 32198 | Snake:3  | Bought a potion of might for 64 gold pieces
 32198 | Snake:3  | Bought a potion of heal wounds for 80 gold pieces
 32198 | Snake:3  | Bought a potion of heal wounds for 80 gold pieces
 32198 | Snake:3  | Bought 2 potions of heal wounds for 160 gold pieces
 32199 | Snake:3  | Found Odoih's Assorted Antiques.
 32554 | Snake:4  | Entered Level 4 of the Snake Pit
 33478 | Snake:4  | Received a gift from Okawaru
 33634 | Snake:4  | Reached XP level 19. HP: 140/150 MP: 23/23
 34143 | Snake:4  | Received a gift from Okawaru
 34384 | Snake:4  | Found Giconk's General Store.
 34441 | Snake:4  | Received a gift from Okawaru
 34460 | Snake:4  | Got a pair of steaming gloves {god gift}
 34471 | Snake:4  | Identified the +0 pair of gloves "Nihuyrch" {rPois rF- MP+9 Str+5} (Okawaru gifted it to you on level 4 of the Snake Pit)
 35041 | Snake:4  | Got a serpentine rune of Zot
 35379 | Shoals:1 | Entered Level 1 of the Shoals
 36288 | Shoals:3 | Noticed nonceun's ghost (journeyman MiBe)
 36326 | Shoals:3 | Killed nonceun's ghost
 36477 | Shoals:3 | Found Illuis's Antique Weapon Emporium.
 36606 | Shoals:4 | Entered Level 4 of the Shoals
 36606 | Shoals:4 | Noticed Ilsuiw
 36647 | Shoals:3 | Received a gift from Okawaru
 37046 | Shoals:4 | Killed Ilsuiw
 37061 | Shoals:4 | Reached XP level 20. HP: 158/159 MP: 24/24
 37130 | Shoals:4 | Got a sparkling lead ring
 37347 | Shoals:4 | Reached skill level 15 in Shields
 37839 | Shoals:4 | Identified the ring of Virhetra {Ice +Blink Stlth+} (You took it off a merfolk on level 4 of the Shoals)
 38019 | Shoals:4 | Got a barnacled rune of Zot
 38349 | Shoals:2 | Received a gift from Okawaru
 39438 | Elf:1    | Entered Level 1 of the Elven Halls
 39544 | Elf:1    | Reached skill level 19 in Polearms
 39987 | Elf:1    | Found Buykicw's Antique Armour Emporium.
 40492 | Elf:2    | Found Jemesm's Armour Shop.
 40511 | Elf:2    | Reached skill level 15 in Fighting
 40556 | Elf:2    | Reached skill level 1 in Evocations
 40858 | Elf:2    | Reached XP level 21. HP: 167/168 MP: 25/25
 40891 | Elf:2    | Found a runed gate.
 40894 | Elf:2    | Found a runed gate.
 40901 | Elf:2    | Found a runed gate.
 40934 | Elf:2    | Received a gift from Okawaru
 41369 | Elf:2    | Received a gift from Okawaru
 42128 | Vaults:1 | Entered Level 1 of the Vaults
 42510 | Vaults:1 | Found Seesm's Book Emporium.
 42552 | Vaults:1 | Found Sedidet's Gadget Emporium.
 42649 | Vaults:1 | Found Imoxkif's Antique Armour Shop.
 42664 | Vaults:1 | Bought a pitted plate armour for 756 gold pieces
 42664 | Vaults:1 | Identified the +0 plate armour "Foikli Ecai" {rC+ rN+ Regen+} (You bought it in a shop on level 1 of the Vaults)
 42866 | Vaults:1 | Received a gift from Okawaru
 44217 | Vaults:2 | Found a staircase to the Crypt.
 44379 | Vaults:2 | Noticed Asterion
 44404 | Vaults:2 | Killed Asterion
 44404 | Vaults:2 | Received a gift from Okawaru
 45122 | Vaults:3 | Reached XP level 22. HP: 156/177 MP: 26/26
 45546 | Vaults:3 | Reached skill level 20 in Polearms
 45930 | Vaults:3 | Received a gift from Okawaru
 46850 | Vaults:3 | Found Dulib's Antique Weapon Emporium.
 47027 | Vaults:4 | Noticed Margery
 47349 | Vaults:3 | Killed Margery
 47607 | Vaults:3 | Received a gift from Okawaru
 47818 | Vaults:4 | Received a gift from Okawaru
 48175 | Vaults:4 | Received a gift from Okawaru
 48593 | Vaults:4 | Noticed Saint Roka
 48652 | Vaults:4 | Killed Saint Roka
 48652 | Vaults:4 | Received a gift from Okawaru
 49047 | Vaults:4 | Received a gift from Okawaru
 49242 | Vaults:4 | Reached XP level 23. HP: 167/185 MP: 27/27
 49282 | Vaults:4 | Noticed Frederick
 49294 | Vaults:4 | Killed Frederick
 49820 | Depths:1 | Entered Level 1 of the Depths
 49854 | Depths:1 | Cast into level 4 of the Abyss (a lich)
 49949 | Abyss:5  | Entered Level 5 of the Abyss
 50023 | Abyss:5  | HP: 8/185 [Executioner (2)]
 50025 | Abyss:5  | Killed from afar by an Executioner

Skill      XL: |  1  2  3  4  5  6  7  8  9 10 11 12 13 14 15 16 17 18 19 20 21 22 23 |
---------------+----------------------------------------------------------------------+-----
Armour         | 1 2 3 4 5 6 7 8 9 10 11 12 13 | 13.5
Polearms       | 4 5 6 7 9 11 12 14 15 16 17 18 19 20 | 20.9
Throwing       | 3 5 6 8 9 10 11 12 13 14 | 14.1
Dodging        | 3 4 5 6 7 8 9 10 11 | 11.9
Fighting       | 3 4 5 6 7 8 9 10 11 12 13 14 15 16 | 16.5
Shields        | 4 6 8 9 10 11 13 14 15 16 17 18 | 18.0
Invocations    | 2 6 |  6.5
Evocations     | 1 4 |  4.0

Action                   |  1- 3 |  4- 6 |  7- 9 | 10-12 | 13-15 | 16-18 | 19-21 | 22-24 || total
-------------------------+-------+-------+-------+-------+-------+-------+-------+-------++-------
Melee: Trident           |   113 |   120 |   242 |   216 |       |       |       |       ||   691
       Halberd           |       |       |       |   304 |   826 |       |       |       ||  1130
       Demon trident     |       |       |       |       |   359 |   852 |  1555 |   729 ||  3495
       Kick              |       |       |       |       |   142 |       |       |       ||   142
Throw: Stone             |    18 |    58 |    49 |   255 |   144 |    55 |    39 |       ||   618
       Throwing net      |     1 |     1 |       |       |     1 |       |     2 |       ||     5
       Tomahawk          |       |       |     4 |       |       |     9 |       |       ||    13
       Javelin           |       |       |       |       |     3 |    17 |   145 |    40 ||   205
Invok: Heroism           |       |       |       |     2 |     5 |     1 |     7 |     5 ||    20
       Finesse           |       |       |       |       |       |       |     3 |     2 ||     5
 Abil: Dig               |     1 |       |     1 |     6 |     5 |     1 |     5 |     2 ||    21
       Shaft Self        |       |     2 |       |     1 |       |       |       |       ||     3
  Use: Scroll            |     4 |     1 |     9 |    10 |     5 |     3 |    13 |     7 ||    52
       Potion            |       |     1 |     2 |     7 |    10 |     2 |     1 |    13 ||    36
 Stab: Sleeping          |     1 |     2 |     3 |     6 |       |       |       |     1 ||    13
       Distracted        |       |       |       |       |       |       |     1 |       ||     1
       Invisible         |       |       |       |       |       |       |       |     3 ||     3
  Eat: Bread ration      |     1 |       |     1 |     5 |     1 |       |     1 |     4 ||    13
       Meat ration       |       |     2 |     1 |       |     6 |     5 |     6 |       ||    20
       Royal jelly       |       |       |       |       |     2 |       |     1 |       ||     3
       Fruit             |       |       |       |       |     1 |       |       |       ||     1
       Chunk             |       |       |       |       |    13 |       |       |       ||    13
Armor: Leather armour    |    18 |    13 |    39 |    87 |    19 |       |       |       ||   176
       Scale mail        |       |    20 |       |       |       |       |       |       ||    20
       Skin              |       |       |       |    30 |       |       |       |     3 ||    33
       Chain mail        |       |       |       |       |   205 |   128 |   183 |    87 ||   603
Dodge: Dodged            |    69 |    52 |    97 |   203 |   280 |   170 |   290 |   146 ||  1307
       Deflected         |       |       |     5 |    18 |    14 |    22 |    50 |     8 ||   117
Block: Other             |       |       |     8 |    30 |     2 |       |       |       ||    40
       Buckler           |       |       |       |   130 |       |       |       |       ||   130
       Shield            |       |       |       |    27 |   634 |   456 |  1023 |   485 ||  2625
       Reflection        |       |       |       |       |    32 |    88 |   198 |    66 ||   384
